 Dungeon Crawl Stone Soup version 0.32-a0-516-g94ed278cf8 (webtiles) character file.

Game seed: 14811020478348715456

389 Gargoyl the Chopper (level 6, 0/39 HPs)
             Began as a Gargoyle Berserker on Feb 27, 2024.
             Was a Priest of Trog.
             Slain by Menkaure (11 damage)
             ... on level 4 of the Dungeon.
             The game lasted 00:03:58 (2770 turns).

Gargoyl the Chopper (Gargoyle Berserker)            Turns: 2770, Time: 00:03:59

Health: 0/39       AC: 15    Str: 20    XL:     6   Next: 79%
Magic:  6/6        EV:  8    Int:  8    God:    Trog [***...]
Gold:   282        SH:  0    Dex: 11    Spells: 5/5 levels left

rFire   . . .        f - +0 broad axe
rCold   . . .        (no shield)
rNeg    + + +        g - +1 chain mail
rPois   ∞            (no helmet)
rElec   +            (no cloak)
rCorr   .            (no gloves)
SInv    .            n - +0 pair of boots
Will    .....        (no amulet) Stlth
                     j - ring of positive energy
HPRegen 0.26/turn    u - ring of positive energy
MPRegen 0.10/turn

%: no passive effects
@: no status effects
A: sickness immunity, AC +4, negative energy resistance 1, electricity
resistance, torment resistance 1, petrification resistance
a: Renounce Religion, Berserk, Trog's Hand


You were on level 4 of the Dungeon.
You worshipped Trog.
Trog was most pleased with you.
You visited 1 branch of the dungeon, and saw 4 of its levels.

You collected 282 gold pieces.

Inventory:

Hand Weapons
 a - a +0 hand axe
 f - a +0 broad axe (weapon)
 o - a +3 hand axe
Missiles
 e - 9 poisoned darts (quivered)
 p - 5 curare-tipped darts
Armour
 g - a +1 chain mail (worn)
 n - a +0 pair of boots (worn)
Jewellery
 j - a ring of positive energy (left hand)
 u - a ring of positive energy (right hand)
Wands
 q - a wand of digging (3)
Scrolls
 b - a scroll of teleportation
 h - a scroll of enchant armour
 l - a scroll of revelation
 v - a scroll of acquirement {unknown}
 w - a scroll of brand weapon {unknown}
Potions
 c - 2 potions of experience
 d - a potion of ambrosia {unknown}
 i - 2 potions of curing {unknown}
 m - a potion of enlightenment {unknown}
 r - a potion of brilliance {unknown}


   Skills:
 + Level 4.5 Fighting
 + Level 5.5 Axes
 + Level 3.3 Armour
 + Level 2.1 Dodging
 + Level 0.1 Stealth


You had 5 spell levels left.
You didn't know any spells.
Your spell library was empty.

Dungeon Overview and Level Annotations

Branches:
Dungeon (4/15)
 Temple: D:4-7

Altars:
Elyvilon
Vehumet
Xom

Annotations:
D:4 Menkaure


Innate Abilities, Weirdness & Mutations

You are immune to sickness and miasma.
Your stone body is resilient. (AC +4)
You are immune to poison.
You resist negative energy. (rN+)
You are resistant to electric shocks. (rElec)
You are resistant to unholy torment.
You are immune to petrification.


Message History

You slash the giant cockroach!
You kill the giant cockroach!
Trog accepts your kill.
You now have 282 gold pieces (gained 10).
w - a scroll labelled QEUZIA JYOQ You are no longer corroded.
You start resting.
You feel yourself speed up.
You start resting.
You recover from your berserk rage.
You start resting.
HP restored.
As you read the scroll labelled FYBENE BEAN, it crumbles to dust.
You hear a loud clanging noise!
It was a scroll of noise.
You hear a shout! x2; You hear an angry hiss. x2; You hear a shout! x2
As you read the scroll labelled KYAGICS GE DOS, it crumbles to dust.
You feel aware of your surroundings.
You sensed 3 altars.
It was a scroll of revelation.
As you read the scroll labelled ROEDAOBOMIDGH, it crumbles to dust.
It is a scroll of amnesia.
You feel forgetful for a moment.
Menkaure, Prince of Dust comes into view.
The air fills with toxic fumes!
As you read the scroll labelled XODEUB KOZXU, it crumbles to dust.
It was a scroll of poison.
Menkaure gestures wildly while chanting.
Menkaure seems to speed up.
Menkaure hits you.
You slash Menkaure!
Menkaure is moderately damaged.
Menkaure hits you! Menkaure completely misses you.
You slash Menkaure!
Menkaure is severely damaged.
Menkaure hits you but does no damage. Menkaure hits you!
* * * LOW HITPOINT WARNING * * *
You barely miss Menkaure.
Menkaure is severely damaged.
Menkaure hits you!
You die...

###############
###############
###############*****
################,,,,*
*********#§§§§§☼○.☼§#####,,,,*
*,,,,,,,*#☼§§§§§☼☼§○#####,,,,*
*,,,,,,,*#§§○§○○§☼§§#####,,,,*
*,,,,,,,*#○§☼☼§§☼§☼§#####,,,,,
*,,,,,,,*#☼§§@§○○§§§#####,,,,*
*****,,**#☼§M○§§§☼○☼#####,,,,*
*,,,*#§☼☼§§☼§§§§#####,,,,,
***....§§☼§☼☼☼○○#####,,,,,
#..#.....###...#* **,,*,
##.#####..**#...# *,**,
**#,****##.,,,.#.#***,**,
**,,,,,,***##*,....,,,,,,,
**,,,,,,,,*******,#*,*,,,*,


You could see Menkaure (fast).

Vanquished Creatures
  Sigmund (D:2)
  An orc priest (D:3)
  2 jellies (D:4)
  3 adders
  2 dart slugs
  3 ribbon worms
  8 orcs (D:3)
  8 bats
  8 endoplasms
  2 giant cockroaches
  14 goblins
  8 hobgoblins
  2 jackals (D:2)
  4 kobolds
  3 quokkas
  8 ball pythons
  4 frilled lizards
  6 rats
87 creatures vanquished.

Notes
Turn   | Place    | Note
-------+----------+-------------------------------------------
     0 | D:1      | Gargoyl the Gargoyle Berserker began the quest for the Orb.
     0 | D:1      | Reached XP level 1. HP: 14/14 MP: 1/1
   162 | D:1      | Reached XP level 2. HP: 19/19 MP: 2/2
   210 | D:1      | Reached skill level 3 in Axes
   469 | D:1      | Reached XP level 3. HP: 24/24 MP: 3/3
   680 | D:2      | Reached ** piety under Trog
   783 | D:2      | Noticed Sigmund
   791 | D:2      | Killed Sigmund
   792 | D:2      | Reached skill level 4 in Axes
   792 | D:2      | Reached XP level 4. HP: 29/29 MP: 4/4
   792 | D:2      | Reached XP level 5. HP: 33/33 MP: 5/5
   881 | D:2      | Reached XP level 6. HP: 36/38 MP: 6/6
  1570 | D:3      | Found a white marble altar of Elyvilon.
  1580 | D:3      | Reached skill level 5 in Axes
  1685 | D:3      | Reached *** piety under Trog
  2089 | D:3      | Found a shimmering altar of Xom.
  2325 | D:3      | Found a radiant altar of Vehumet.
  2762 | D:4      | Noticed Menkaure
  2770 | D:4      | Slain by Menkaure

Illustrated notes

Levels and vault maps discovered:
D:1:      shiori_arrival_oz, layout_basic
D:2:      layout_basic, minmay_randomly_rotated_circles, uniq_sigmund
D:3:      minmay_door_path, layout_basic, elyvilon_altar_5,
          mainiacjoe_overflow_cross_hatched, mainiacjoe_overflow_alcove_2,
          minmay_misc_feat_cross, chequers_serial_rivers_micro_c
D:4:      layout_rooms, mainiacjoe_overflow_concentric_impassable,
          mainiacjoe_overflow_divided_tiny, uniq_duvessa, uniq_natasha,
          uniq_edmund, uniq_menkaure

Skill      XL: |  1  2  3  4  5  6 |
---------------+-------------------+-----
Axes           | 3 4 5 |  5.5
Fighting       | 4 |  4.5
Armour         | 3 |  3.3
Dodging        | 2 |  2.1
Stealth        | |  0.1

Action                     |  1- 3 |  4- 6 || total
---------------------------+-------+-------++-------
  Melee: Hand axe          |    44 |       ||    44
         Broad axe         |    31 |   124 ||   155
 Invoke: Berserk           |     2 |     2 ||     4
    Use: Scroll            |     3 |     5 ||     8
 Armour: Ring mail         |    22 |       ||    22
         Animal skin       |     4 |       ||     4
         Chain mail        |    50 |   129 ||   179
  Dodge: Dodged            |    47 |    65 ||   112

Table legend: (Time is in decaauts)
 A = Elapsed time spent in this place.
 B = Non-inter-level travel time spent in this place.
 C = Inter-level travel time spent in this place.
 D = Time resting spent in this place.
 E = Time spent auto-exploring this place.
 F = Levels seen in this place.
 G = Mean time per level.
                   A        B        C        D        E       F      G
               +--------+--------+--------+--------+--------+-----+--------+
         Total |   2863 |   2731 |    132 |    123 |   1808 |   4 |  715.8 |
       Dungeon |   2863 |   2731 |    132 |    123 |   1808 |   4 |  715.8 |
               +--------+--------+--------+--------+--------+-----+--------+

Top non-repeatable levels by time:
     D:3: 1121 daAuts
     D:2: 954 daAuts
     D:1: 642 daAuts
     D:4: 145 daAuts
